 Dungeon Crawl Stone Soup version 0.25.0-9-g26727b657a (webtiles) character file.

Game seed: 10503176695910593656

195 Elvor the Shield-Bearer (level 5, 0/49 HPs)
             Began as a Deep Dwarf Fighter on June 17, 2020.
             Splashed by a goblin's acid (14 damage)
             ... on level 3 of the Dungeon.
             The game lasted 00:19:49 (1838 turns).

Elvor the Shield-Bearer (Deep Dwarf Fighter)        Turns: 1838, Time: 00:19:50

Health: 0/49       AC: 13    Str: 20    XL:     5   Next: 45%
Magic:  5/5        EV:  4    Int:  9    God:
Gold:   124        SH: 14    Dex: 12    Spells: 4/4 levels left

rFire    . . .     SeeInvis .   a - +0 war axe
rCold    . . .     Gourm    .   c - +0 kite shield
rNeg     . . .     Faith    .   x - +0 plate armour
rPois    .         Spirit   .   (no helmet)
rElec    .         Reflect  +   (no cloak)
rCorr    .         Harm     .   (no gloves)
MR       .....                  g - +0 pair of boots
Stlth    ..........             i - amulet of reflection
HPRegen  0.00/turn              e - +4 ring of slaying
MPRegen  0.09/turn              (no ring)

@: non-regenerating
A: damage resistance, heal wounds, sense surroundings 1, no regeneration
a: Heal Wounds


You were on level 3 of the Dungeon.
You were not hungry.

You visited 1 branch of the dungeon, and saw 3 of its levels.

You collected 124 gold pieces.

Inventory:

Hand Weapons
 a - a +0 war axe (weapon)
 j - a +2 falchion of flaming
Missiles
 n - 15 poisoned darts (quivered)
Armour
 c - a +0 kite shield (worn)
 g - a +0 pair of boots (worn)
 x - a +0 plate armour (worn)
Jewellery
 e - a +4 ring of slaying (left hand)
 i - an amulet of reflection (around neck)
 r - an uncursed amulet of faith
Wands
 u - a wand of disintegration (14)
Scrolls
 h - 3 scrolls of identify {unknown}
 p - a scroll of teleportation {unknown}
 q - a scroll of fear {unknown}
 t - 2 scrolls of remove curse {unknown}
 v - a scroll of enchant weapon {unknown}
Potions
 d - a potion of lignification {unknown}
 k - 2 potions of resistance {unknown}
 l - a potion of flight {unknown}
 m - 3 potions of curing {unknown}
 o - 2 potions of brilliance {unknown}
 s - a potion of ambrosia {unknown}
 w - a potion of invisibility {unknown}
Comestibles
 b - 3 chunks of flesh
 f - 5 rations


   Skills:
 + Level 3.2 Fighting
 + Level 4.2 Axes
 + Level 4.2 Armour
 + Level 0.9 Dodging
 + Level 0.2 Stealth
 + Level 4.3 Shields


You had 4 spell levels left.
You didn't know any spells.
Your spell library was empty.

Dungeon Overview and Level Annotations

Branches:
Dungeon (3/15)

Altars:
Nemelex Xobeh
Ru


Innate Abilities, Weirdness & Mutations

You are resistant to damage.
You can heal yourself by infusing magical energy.
You passively map a small area around you.
You do not regenerate.


Message History

Found a plate armour.
You block the rat's attack.
You slash the rat!
You kill the rat!
You see here a rat corpse.
You butcher the rat corpse.
Some of the chunks of flesh in your inventory have rotted away.
b - 3 chunks of flesh (gained 1)
You see here a rat skeleton.
You see here a plate armour.
A goblin comes into view.
It is wielding a +0 dagger and carrying a wand of acid (14).
The goblin shouts!
The goblin zaps a wand.
The bolt of acid hits you.
You are splashed with acid!
The goblin throws a stone.
You reflect the stone off an invisible shield around you!
The stone closely misses the goblin.
The goblin zaps a wand.
The bolt of acid hits you!
* * * LOW HITPOINT WARNING * * *
You are splashed with acid!
You die...

* * * , * * ########
#.# #.##.#.g #.#
#.##.#.# , #.# #.##.#.#
#.# #.##.#@# #.#
#.##.#.# * #.#
##..[...##
#.####...........#
#####.....รท....#######
...........#####
############


You could see a goblin.

Vanquished Creatures
  An ogre (D:2)
  3 adders (D:2)
  3 worms (D:2)
  2 dart slugs
  5 leopard geckos
  5 orcs (D:3)
  3 giant cockroaches
  7 goblins
  7 hobgoblins
  2 quokkas (D:2)
  3 ball pythons
  6 bats
  6 frilled lizards
  3 kobolds
  10 rats
66 creatures vanquished.

Notes
Turn   | Place    | Note
-------+----------+-------------------------------------------
     0 | D:1      | Elvor the Deep Dwarf Fighter began the quest for the Orb.
     0 | D:1      | Reached XP level 1. HP: 20/20 MP: 1/1
   195 | D:1      | Found a sparkling altar of Nemelex Xobeh.
   206 | D:1      | Reached XP level 2. HP: 24/27 MP: 2/2
   606 | D:1      | Reached XP level 3. HP: 17/34 MP: 3/3
  1013 | D:2      | Found a sacrificial altar of Ru.
  1218 | D:2      | Reached XP level 4. HP: 38/42 MP: 4/4
  1464 | D:2      | Noticed an ogre
  1479 | D:2      | Killed an ogre
  1479 | D:2      | Reached XP level 5. HP: 22/49 MP: 5/5
  1838 | D:3      | Splashed by a goblin's acid

Illustrated notes

Levels and vault maps discovered:
D:1:      dpeg_arrival_arbitrary_a, layout_basic,
          nemelex_xobeh_ov_fountains_minmay
D:2:      wad_pebble_path, layout_loops_ring,
          nicolae_ru_great_annihilating_truth, first_ration,
          minmay_quadrilaterals
D:3:      layout_loops_ring, amethyst_overflow_temple_binary, fedhas_altar_4

Skill      XL: |  1  2  3  4 |
---------------+-------------+-----
Fighting       | 3 |  3.2
Axes           | 3 4 |  4.2
Shields        | 4 |  4.3
Armour         | 4 |  4.2
Dodging        | |  0.9
Stealth        | |  0.2

Action                   |  1- 3 |  4- 6 || total
-------------------------+-------+-------++-------
Melee: War axe           |   102 |    68 ||   170
 Abil: Heal Wounds       |     1 |     3 ||     4
 Stab: Paralysed         |     1 |       ||     1
  Eat: Chunk             |     1 |     2 ||     3
Armor: Scale mail        |    26 |     8 ||    34
       Plate armour      |       |    14 ||    14
Dodge: Dodged            |    22 |    10 ||    32
Block: Kite shield       |    50 |    41 ||    91
       Reflection        |       |     1 ||     1
